 Dungeon Crawl Stone Soup version 0.29.1-1-gd02db6906a (webtiles) character file.

Game seed: 16233915514946180577

181117 xian the Schismatic (level 17, 0/122 HPs)
             Began as a Demonspawn Abyssal Knight on Oct 8, 2022.
             Was an Elder of Lugonu.
             Slain by a salamander
             ... wielding a +3 trident
              (15 damage)
             ... on level 4 of the Snake Pit.
             The game lasted 02:00:24 (40057 turns).

xian the Schismatic (Demonspawn Abyssal Knight)    Turns: 40057, Time: 02:00:25

Health: 0/122      AC: 30    Str: 19    XL:     17   Next: 66%
Magic:  30/30      EV: 13    Int: 19    God:    Lugonu [****..]
Gold:   2117       SH: 22    Dex: 13    Spells: 16/16 levels left

rFire   . . .      SeeInvis .   o - +3 dagger (elec)
rCold   . . .      Faith    .   c - +4 kite shield
rNeg    . . .      Spirit   .   Q - +8 chain mail of Bidusor {Int+6 Dex-2}
rPois   .          Reflect  +   (no helmet)
rElec   +          Harm     .   (cloak unavailable)
rCorr   .          Rampage  .   C - +0 pair of gloves
Will    +....                   Z - +2 pair of boots {Fly}
Stlth   ..........              t - amulet of Yhitonke {Reflect rElec rPois SH+5}
HPRegen 0.30/turn               k - +4 ring of evasion
MPRegen 0.22/turn               q - +4 ring of protection

@: lethally poisoned (0 -> -8), about to teleport, poison vulnerable, flying
A: icemail 2, spiny 2, sharp scales 2, condensation shield, bedeviling, weakness
stinger 3
a: Renounce Religion, Depart the Abyss, Bend Space, Banish, Corrupt


You were on level 4 of the Snake Pit.
You worshipped Lugonu.
Lugonu was greatly pleased with you.
You visited 5 branches of the dungeon, and saw 27 of its levels.
You visited the Abyss 1 time.
You also visited: Volcano.

You collected 2855 gold pieces.
You spent 738 gold pieces at shops.

Inventory:

Hand Weapons
 f - the +4 great sword "Kiroycall" {vorpal, Str+4 Dex+4 Stlth+}
   (You bought it in a shop on level 15 of the Dungeon)

   It inflicts extra damage upon your enemies.
   Str:       It affects your strength (+4).
   Dex:       It affects your dexterity (+4).
   Stlth:     It makes you more stealthy.
 o - a +3 dagger of electrocution (weapon)
 z - a +2 great sword of flaming
 F - a +3 shortbow of flaming
Missiles
 l - 5 throwing nets
 m - 12 atropa-tipped darts
 x - 9 poisoned darts
 B - 4 silver javelins
 L - 7 silver boomerangs
 O - 27 boomerangs (quivered)
 R - 6 javelins
 S - 5 datura-tipped darts
Armour
 c - a +4 kite shield (worn)
 u - a +0 cloak
 C - a +0 pair of gloves (worn)
 M - a +1 robe of the Archmagi
 Q - the +8 chain mail of Bidusor (worn) {Int+6 Dex-2}
   (You found it on level 10 of the Dungeon)

   Int:       It affects your intelligence (+6).
   Dex:       It affects your dexterity (-2).
 Z - a +2 pair of boots of flying (worn)
Jewellery
 k - a +4 ring of evasion (left hand)
 q - a +4 ring of protection (right hand)
 t - the amulet of Yhitonke (around neck) {Reflect rElec rPois SH+5}
   (You acquired it on level 14 of the Dungeon)

   [amulet of reflection]

   It reflects blocked missile attacks.
   rElec:     It insulates you from electricity.
   rPois:     It protects you from poison.
   SH:        It affects your SH (+5).
Wands
 b - a wand of polymorph (5)
 i - a wand of paralysis (11)
 j - a wand of acid (16)
 r - a wand of iceblast (2)
 A - a wand of mindburst (8)
 V - a wand of flame (13)
Scrolls
 e - 6 scrolls of magic mapping
 g - 14 scrolls of teleportation
 v - 6 scrolls of immolation
 w - a scroll of brand weapon
 y - 4 scrolls of poison
 E - 2 scrolls of silence
 H - a scroll of fear
 P - a scroll of enchant weapon
Potions
 a - 2 potions of invisibility
 d - 2 potions of might
 h - 3 potions of cancellation
 n - 4 potions of lignification
 p - 3 potions of mutation
 s - 4 potions of curing
 D - a potion of magic
 I - 4 potions of ambrosia
 J - a potion of heal wounds
 T - a potion of haste
 W - 2 potions of resistance


   Skills:
 + Level 8.2 Fighting
 * Level 13.1 Short Blades
 - Level 2.8 Axes
 + Level 5.5 Ranged Weapons
 + Level 8.4 Throwing
 + Level 10.6 Armour
 + Level 6.4 Dodging
 + Level 3.2 Stealth
 + Level 14.6 Shields
 * Level 19.0 Invocations
 + Level 1.0 Evocations


You had 16 spell levels left.
You didn't know any spells.
Your spell library contained the following spells:

 Spells                   Type           Power      Damage    Failure   Level
 Sting                    Tmut/Pois      0%         1d3       95%         1
 Poisonous Vapours        Pois/Air       0%         N/A       99%         2
 Scorch                   Fire           0%         2d5       99%         2
 Sublimation of Blood     Necr           0%         N/A       99%         2
 Wereblood                Tmut           0%         N/A       99%         2
 Conjure Flame            Conj/Fire      0%         6-21      100%        3
 Gell's Gravitas          Tloc           0%         N/A       100%        3
 Ignite Poison            Fire/Tmut/Pois 0%         N/A       100%        3
 Lesser Beckoning         Tloc           0%         N/A       100%        3
 Ozocubu's Armour         Ice            0%         N/A       100%        3
 Teleport Other           Tloc           0%         N/A       100%        3
 Flame Wave               Conj/Fire      0%         2d4       100%        4
 Olgreb's Toxic Radiance  Pois           0%         N/A       100%        4
 Petrify                  Tmut/Erth      0%         N/A       100%        4
 Sticky Flame             Conj/Fire      0%         2d3       100%        4
 Summon Ice Beast         Ice/Summ       0%         N/A       100%        4
 Summon Lightning Spire   Summ/Air       0%         N/A       100%        4
 Irradiate                Conj/Tmut      0%         3d11      100%        5
 Summon Mana Viper        Hex/Summ       0%         N/A       100%        5
 Summon Cactus Giant      Summ           0%         N/A       100%        6
 Monstrous Menagerie      Summ           0%         N/A       100%        7
 Ozocubu's Refrigeration  Ice            0%         4d7       100%        7
 Storm Form               Tmut/Air       0%         N/A       100%        7
 Summon Hydra             Summ           0%         N/A       100%        7
 Maxwell's Capacitive Co  Air            0%         ∞         100%        8


Dungeon Overview and Level Annotations

Branches:
Dungeon (15/15)            Temple (0/1) D:4            Lair (5/5) D:9
 Shoals (0/4) Lair:2        Snake (4/4) Lair:2        Slime (0/5) Lair:4
    Orc (2/2) D:12            Elf (1/3) Orc:2        Vaults (0/5) D:14
 Depths (0/4) D:15        Volcano (visited)

Altars:
Ashenzari
Cheibriados
Hepliaklqana
Kikubaaqudgha
Makhleb
Nemelex Xobeh
Okawaru
Qazlal
Sif Muna
Uskayaw
Vehumet
Wu Jian
Jiyva

Shops:
D:1 *   D:7 :   D:8 =   D:14 ?   D:15 *   Orc:2 =([[

Annotations:
Lair:3 3 runed translucent doors, gdog's ghost, journeyman GnSu
Snake:4 corrupted
Elf:1 Azrael


Innate Abilities, Weirdness & Mutations

A meltable icy envelope protects you from harm. (AC +0)
You are mostly covered in sharp spines.
You are mostly covered in razor-sharp scales. (AC +2, Slay +2)
A meltable shield of frost defends you. (SH +0)
Your hexes are more powerful.
You have a sharp stinger which inflicts weakening toxins.


Message History

You are more poisoned.
You closely miss the anaconda.
The anaconda is almost dead.
You feel sick. The black mamba misses you. You block the anaconda's attack.
The salamander hits you from afar with a +3 trident.
You are engulfed in flames!
The black mamba bites you.
* * * LOW HITPOINT WARNING * * *
You are more poisoned.
The black mamba poisons you!
You feel better.
You are poisoned.
You block the black mamba's attack. You block the anaconda's attack.
You block the black mamba's attack. The black mamba closely misses you.
You block the anaconda's attack.
The salamander hits you from afar with a +3 trident!
* * * LOW HITPOINT WARNING * * *
You are engulfed in flames!
* * * LOW HITPOINT WARNING * * *
Okay, then.
Okay, then.
You feel much better.
You feel sick.
* * * LOW HITPOINT WARNING * * *
You are more poisoned.
The black mamba bites you but does no damage.
You block the black mamba's attack.
The anaconda bites you but does no damage.
You block the black mamba's attack. The black mamba closely misses you.
The salamander barely misses you.
As you read the scroll of teleportation, it crumbles to dust.
You feel strangely unstable.
You feel sick.
* * * LOW HITPOINT WARNING * * *
You are more poisoned.
The anaconda is struck by your spines. The anaconda bites you!
* * * LOW HITPOINT WARNING * * *
You block the black mamba's attack. x2; The anaconda is struck by your spines.
You kill the anaconda!
Lugonu accepts your kill.
The black mamba bites you but does no damage.
The salamander hits you from afar with a +3 trident!
You die...

########## #....##..#### #..
#...........######## ##..#
#..............S...# ##....
#........N.##'##.....# ......
##..........'...###..##
.(.... ##......S....#.....#
##
......####......@)N...##....#
.......##........S....###...#
..............).......#.....#
......).....#######...'....##
....##)######.....###.#).#.##
### #.)).)<.........#.#.)#..#
#.)..÷#'##.#'#..#.#######
#....##..###.#.##..
#...##....#..#.#...


You could see a salamander, a naga ritualist (toxic aura) and 2 black mambas.

Vanquished Creatures
  Vashnia (Snake:2)
  Saint Roka (Snake:3)
  A nagaraja (Snake:2)
  The ghost of mitchisshort the Cleaver, a journeyman MiGl of Okawaru (D:13)
  Josephine (D:11)
  An ettin (D:14)
  2 salamander tyrants (Snake:3)
  3 boulder beetles
  7 anacondas
  2 catoblepae (Lair:5)
  6 centaur warriors
  10 hydras
  10 two-headed ogres
  4 death yaks (Lair:5)
  A deep troll shaman (Lair:5)
  7 naga warriors
  A tengu warrior (D:15)
  2 orc high priests (Orc:2)
  9 shock serpents
  8 naga sharpshooters
  A sun demon (D:12)
  A hell knight (Volcano)
  3 salamander mystics
  4 naga ritualists
  A phantasmal warrior (D:13)
  2 wizards (D:15)
  2 orc knights (Orc:2)
  An oklob plant (Lair:5)
  A deep elf zephyrmancer (Elf:1)
  4 deep elf pyromancers
  8 mana vipers
  6 orc sorcerers
  2 ugly things (D:11)
  3 manticores
  11 salamanders
  3 cyclopes
  33 black mambas
  19 elephants
  5 guardian serpents
  10 naga magi
  An orange demon (D:13)
  4 cane toads
  3 gargoyles
  2 unseen horrors
  A yaktaur (Volcano)
  3 rime drakes
  2 freezing wraiths (D:15)
  5 komodo dragons
  A hellwing (D:13)
  2 ice devils (D:13)
  A red devil (D:13)
  6 trolls
  4 polar bears
  A wolf spider simulacrum (D:15)
  14 slime creatures
  Grinder (D:3)
  A hornet (D:10)
  4 dream sheep (Lair:5)
  30 blink frogs
  24 yaks
  A vampire (D:11)
  3 shadows
  8 fire bats
  9 wyverns
  6 wraiths
  2 basilisks
  3 steam dragons
  16 vampire mosquitoes
  Menkaure (D:4)
  3 acid dragons
  33 nagas
  Edmund (D:4)
  3 wargs
  Duvessa (D:6)
  16 water moccasins
  41 orc warriors
  A sky beast (D:8)
  An ice beast (D:5)
  An ice beast (shapeshifter) (D:13)
  4 black bears
  The ghost of PorkyPig the Trooper, an amateur HOMo (D:3)
  18 ogres
  23 wolves
  17 centaurs
  A phantom (D:6)
  A kobold brigand (D:8)
  2 necrophages (D:5)
  A scorpion (D:7)
  12 bullfrogs
  Dowan (D:6)
  8 killer bees
  2 howler monkeys
  2 electric eels
  8 lava snakes (Volcano)
  5 jellies
  33 orc priests
  4 gnoll boudas
  5 hounds
  Crazy Yiuf (D:4)
  6 iguanas
  Ijyb (D:4)
  23 orc wizards
  13 adders
  25 gnolls
  3 white imps
  3 worms
  4 dart slugs
  132 orcs
  4 endoplasms
  4 giant cockroaches
  3 hobgoblins
  3 jackals (D:2)
  15 kobolds
  7 quokkas
  8 ball pythons
  4 bats
  14 frilled lizards
  8 goblins
  8 rats
895 creatures vanquished.

Vanquished Creatures (others)
  A nagaraja (Snake:4)
  A salamander tyrant (Snake:4)
  An anaconda (Snake:4)
  2 naga sharpshooters (Snake:4)
  A salamander mystic (Snake:4)
  A guardian serpent (Snake:4)
  A ynoxinul (D:13)
  A vampire mosquito (D:13)
  2 nagas
  A bush (Lair:5)
  9 demonic plants (D:13)
  18 fungi
  35 plants
74 creatures vanquished.

Grand Total: 969 creatures vanquished

Notes
Turn   | Place    | Note
-------+----------+-------------------------------------------
     0 | Abyss:1  | xian the Demonspawn Abyssal Knight began the quest for the
                  | Orb.
     0 | Abyss:1  | Reached XP level 1. HP: 18/18 MP: 2/2
     1 | D:1      | Escaped the Abyss
   281 | D:1      | Gained mutation: You are partially covered in sharp spines.
                  | [demonic ancestry]
   281 | D:1      | Reached XP level 2. HP: 17/24 MP: 3/3
   425 | D:1      | Found Ypsaoc's General Store.
   760 | D:1      | Reached *** piety under Lugonu
   940 | D:2      | Gained mutation: You have a small tail. [demonic ancestry]
   940 | D:2      | Reached XP level 3. HP: 29/29 MP: 5/5
  1012 | D:2      | Reached skill level 1 in Dodging
  1347 | D:2      | Gained mutation: You are partially covered in razor-sharp
                  | scales. (AC +1, Slay +1) [demonic ancestry]
  1347 | D:2      | Reached XP level 4. HP: 17/37 MP: 6/6
  1547 | D:2      | Reached skill level 3 in Invocations
  1565 | D:2      | Found a faded altar of an unknown god.
  2016 | D:2      | Reached skill level 1 in Short Blades
  2016 | D:2      | Gained mutation: A meltable shield of frost defends you.
                  | (SH +0) [demonic ancestry]
  2016 | D:2      | Reached XP level 5. HP: 42/42 MP: 7/7
  2327 | D:3      | Found a runed translucent door.
  2333 | D:3      | Noticed PorkyPig's ghost (amateur HOMo)
  2484 | D:3      | Noticed Grinder
  2496 | D:3      | Killed Grinder
  2497 | D:3      | Reached skill level 4 in Invocations
  2497 | D:3      | Reached XP level 6. HP: 36/48 MP: 7/9
  2648 | D:3      | Found a runed translucent door.
  2671 | D:3      | Killed PorkyPig's ghost
  2688 | D:3      | Reached **** piety under Lugonu
  3034 | D:4      | Gained mutation: You have a tail ending in a sharp stinger.
                  | [demonic ancestry]
  3034 | D:4      | Reached XP level 7. HP: 42/54 MP: 10/10
  3611 | D:4      | Found an ancient bone altar of Kikubaaqudgha.
  3638 | D:4      | Noticed Menkaure
  3660 | D:4      | Killed Menkaure
  3661 | D:4      | Reached skill level 5 in Invocations
  3705 | D:4      | Found a staircase to the Ecumenical Temple.
  3869 | D:4      | Noticed Edmund
  3891 | D:4      | Killed Edmund
  3892 | D:4      | Reached skill level 1 in Throwing
  4070 | D:4      | Found a runed translucent door.
  4071 | D:4      | Noticed Crazy Yiuf
  4369 | D:4      | Killed Crazy Yiuf
  4370 | D:4      | Reached XP level 8. HP: 58/61 MP: 9/11
  4442 | D:5      | Entered Level 5 of the Dungeon
  4473 | D:5      | Noticed Ijyb
  4497 | D:4      | Killed Ijyb
  4783 | D:5      | Reached skill level 1 in Stealth
  4848 | D:5      | Reached skill level 1 in Shields
  4852 | D:5      | Reached skill level 6 in Invocations
  5001 | D:5      | Reached skill level 5 in Armour
  5072 | D:5      | Found a hazy altar of Hepliaklqana.
  5198 | D:5      | Found an ornate altar of the Wu Jian Council.
  5474 | D:6      | Reached ***** piety under Lugonu
  5630 | D:6      | Noticed Dowan
  5630 | D:6      | Noticed Duvessa
  5634 | D:6      | Killed Dowan
  5641 | D:6      | Killed Duvessa
  5642 | D:6      | Reached skill level 5 in Short Blades
  5662 | D:6      | Found a broken altar of Ashenzari.
  5693 | D:6      | Gained mutation: A meltable icy envelope protects you from
                  | harm. (AC +0) [demonic ancestry]
  5693 | D:6      | Reached XP level 9. HP: 62/66 MP: 13/13
  5931 | D:6      | Found a stormy altar of Qazlal.
  6182 | D:7      | Reached skill level 7 in Invocations
  6491 | D:7      | Reached skill level 5 in Fighting
  6597 | D:7      | Found a sparkling altar of Nemelex Xobeh.
  6696 | D:7      | Found Zisunt's Book Shop.
  7102 | D:8      | Found Ysujuaze's One-of-a-Kind Rings.
  7119 | D:8      | Found an iron altar of Okawaru.
  7604 | D:8      | Reached XP level 10. HP: 64/74 MP: 15/15
  7912 | D:8      | Found a radiant altar of Vehumet.
  8073 | D:9      | Found a burning altar of Makhleb.
  8173 | D:9      | Found a staircase to the Lair.
  8205 | D:9      | Reached skill level 8 in Invocations
  8571 | D:10     | Entered Level 10 of the Dungeon
  9052 | D:10     | Found a large runed translucent door.
  9053 | D:10     | Found a large runed translucent door.
  9068 | D:10     | Identified the +8 chain mail of Bidusor {Int+6 Dex-2}
  9396 | D:10     | Reached skill level 9 in Invocations
  9599 | D:10     | Noticed a gargoyle
  9628 | D:10     | Killed a gargoyle
 10160 | D:10     | Found a snail-covered altar of Cheibriados.
 10180 | D:10     | Found a hide-covered altar of Uskayaw.
 10210 | D:10     | Gained mutation: You are mostly covered in sharp spines.
                  | [demonic ancestry]
 10210 | D:10     | Reached XP level 11. HP: 81/81 MP: 17/17
 10428 | D:11     | Noticed a two-headed ogre
 10455 | D:11     | Killed a two-headed ogre
 10503 | D:11     | Noticed a purple ugly thing
 10520 | D:11     | Killed a purple ugly thing
 10522 | D:11     | Reached ****** piety under Lugonu
 10619 | D:11     | Reached skill level 5 in Shields
 10626 | D:11     | Reached skill level 5 in Throwing
 11081 | D:11     | Noticed Josephine
 11101 | D:11     | HP: 3/73 [Josephine/ghostly fireball (22)]
 11102 | D:11     | Killed Josephine
 11243 | D:11     | Reached skill level 10 in Invocations
 11683 | D:11     | Noticed a boulder beetle
 11698 | D:11     | Killed a boulder beetle
 11751 | D:11     | Noticed a cyan ugly thing
 11773 | D:11     | Killed a cyan ugly thing
 11919 | Lair:1   | Entered Level 1 of the Lair of Beasts
 12168 | Lair:1   | Gained mutation: You have a sharp stinger which inflicts
                  | weakening toxins. [demonic ancestry]
 12168 | Lair:1   | Reached XP level 12. HP: 71/88 MP: 20/20
 12378 | Lair:1   | Reached skill level 11 in Invocations
 12935 | Lair:1   | Noticed a seven-headed hydra
 12951 | Lair:1   | Killed a seven-headed hydra
 13650 | Lair:2   | Found a staircase to the Snake Pit.
 13836 | Lair:2   | Noticed a five-headed hydra
 14117 | Lair:2   | Killed a five-headed hydra
 14352 | Lair:2   | Reached skill level 12 in Invocations
 14358 | Lair:2   | Noticed a four-headed hydra
 14383 | Lair:2   | Killed a four-headed hydra
 14579 | Lair:2   | Found a staircase to the Shoals.
 15259 | Lair:3   | Reached skill level 10 in Short Blades
 15640 | Lair:3   | Noticed an eight-headed hydra
 15656 | Lair:3   | Killed an eight-headed hydra
 15657 | Lair:3   | Gained mutation: A meltable icy envelope protects you from
                  | harm. (AC +0) [demonic ancestry]
 15657 | Lair:3   | Reached XP level 13. HP: 50/95 MP: 22/22
 15968 | Lair:3   | Found a runed translucent gate.
 15970 | Lair:3   | Found a runed translucent gate.
 15970 | Lair:3   | Found a runed translucent gate.
 16007 | Lair:3   | Noticed gdog's ghost (journeyman GnSu)
 16494 | Lair:4   | Found a viscous altar of Jiyva.
 16500 | Lair:4   | Found a staircase to the Slime Pits.
 16825 | Lair:4   | Found a dark tunnel.
 16830 | Lair:4   | Identified the +3 war axe of Blood-Lust {drain, rCorr}
 16844 | Volcano  | Entered a volcano
 17375 | Volcano  | Found a radiant altar of Vehumet.
 17779 | Volcano  | Reached skill level 13 in Invocations
 18519 | Lair:5   | Entered Level 5 of the Lair of Beasts
 18733 | Lair:5   | Reached skill level 5 in Dodging
 18771 | Lair:5   | Reached skill level 10 in Shields
 19464 | Lair:5   | Gained mutation: You are mostly covered in razor-sharp
                  | scales. (AC +2, Slay +2) [demonic ancestry]
 19464 | Lair:5   | Reached XP level 14. HP: 76/103 MP: 24/24
 19822 | Lair:5   | Identified the +1 chain mail "Esaunaunt" {Int+5}
 20868 | Lair:5   | Reached skill level 14 in Invocations
 21384 | D:1      | Bought 3 boomerangs for 21 gold pieces
 21384 | D:1      | Bought 6 atropa-tipped darts for 50 gold pieces
 21384 | D:1      | Bought 4 silver javelins for 134 gold pieces
 21384 | D:1      | Bought a potion of heal wounds for 70 gold pieces
 22073 | D:12     | Reached skill level 5 in Ranged Weapons
 22073 | D:12     | Reached XP level 15. HP: 107/108 MP: 25/25
 22522 | D:12     | Identified the +4 quarterstaff of the Insatiable Souls
                  | {freeze, Int+4}
 22733 | D:12     | Found a staircase to the Orcish Mines.
 24384 | D:13     | Found a runed translucent door.
 24386 | D:13     | Noticed mitchisshort's ghost (journeyman MiGl)
 24556 | D:13     | Killed mitchisshort's ghost
 25089 | D:13     | You are sucked into a shaft and drop 2 floors!
 25089 | D:15     | Entered Level 15 of the Dungeon
 25384 | D:15     | Reached skill level 1 in Evocations
 25906 | D:15     | Reached skill level 15 in Invocations
 27293 | D:14     | Found Kaunoc's Magic Scroll Boutique.
 27308 | D:14     | Bought 3 scrolls of identify for 72 gold pieces
 27449 | D:14     | Reached XP level 16. HP: 115/115 MP: 27/27
 27500 | D:14     | Identified a scroll of acquirement
 27500 | D:14     | Acquired the amulet of Yhitonke {Reflect rElec rPois SH+5}
 27651 | D:14     | Found a shimmering blue altar of Sif Muna.
 27704 | D:14     | Paralysed by a floating eye for 2 turns
 27708 | D:14     | Paralysed by a floating eye for 4 turns
 27818 | D:14     | Reached skill level 16 in Invocations
 27967 | D:14     | Found a gate to the Vaults.
 28082 | D:15     | Identified the +5 ring mail of Inquiry {Rampage rElec rC+
                  | Slay-5}
 28199 | D:15     | Found Hawnea's Assorted Antiques.
 28240 | D:15     | Bought a jewelled great sword for 391 gold pieces
 28240 | D:15     | Identified the +4 great sword "Kiroycall" {vorpal, Str+4
                  | Dex+4 Stlth+} (You bought it in a shop on level 15 of the
                  | Dungeon)
 28666 | D:15     | Found a staircase to the Depths.
 28961 | Orc:1    | Entered Level 1 of the Orcish Mines
 29107 | Orc:2    | Entered Level 2 of the Orcish Mines
 30224 | Orc:2    | Found Daykhla's Antique Armour Emporium.
 30474 | Orc:2    | Found Siuq's Armour Shoppe.
 31057 | Orc:2    | Reached skill level 10 in Armour
 31246 | Orc:2    | Reached skill level 17 in Invocations
 31456 | Orc:2    | Found Sootoamm's Jewellery Shoppe.
 31533 | Orc:2    | Found Eshrallamoe's Weapon Emporium.
 31876 | Orc:2    | Found a staircase to the Elven Halls.
 32312 | Elf:1    | Entered Level 1 of the Elven Halls
 32377 | Elf:1    | Noticed Azrael
 33036 | Snake:1  | Entered Level 1 of the Snake Pit
 34992 | Snake:2  | Noticed Vashnia
 35007 | Snake:2  | Reached skill level 18 in Invocations
 35032 | Snake:2  | Killed Vashnia
 35133 | Snake:2  | Gained mutation: Your hexes are more powerful. [demonic
                  | ancestry]
 35133 | Snake:2  | Reached XP level 17. HP: 51/122 MP: 30/30
 37127 | Snake:3  | Noticed Saint Roka
 37594 | Snake:3  | Killed Saint Roka
 38577 | Snake:4  | Entered Level 4 of the Snake Pit
 38674 | Snake:4  | Corrupted Snake:4
 39272 | Snake:4  | Reached skill level 19 in Invocations
 40057 | Snake:4  | Slain by a salamander

Illustrated notes

Levels and vault maps discovered:
D:1:      beargit_arrival_diablo_church, layout_rooms, serial_shops,
          nicolae_lakefront_shop
D:2:      layout_loops_corners, dreamdust_ecumenical_altar_statues,
          minmay_door_square, nicolae_figureground_pulse
D:3:      layout_basic, ebering_ghost_sewer_f, uniq_grinder
D:4:      layout_basic, kiku_gazebo_pond_becter, temple_statues,
          minmay_lizard_king, uniq_crazy_yiuf_cottage, uniq_edmund,
          uniq_menkaure
D:5:      layout_cave_pools, mainiacjoe_overflow_six_doors_small,
          mainiacjoe_overflow_small_starburst, pdpol_wu_jian_five_deadly_venoms,
          uniq_ijyb
D:6:      layout_loops_ring, cheibrodos_ashenzari_chains,
          nicolae_qazlal_general_emergency, item_on_display_a, uniq_duvessa
D:7:      layout_basic, nemelex_dance_club_becter, serial_shops, shop,
          minmay_statues_item
D:8:      layout_basic, mainiacjoe_overflow_alcove_4,
          mainiacjoe_overflow_alcove_1, nicolae_shop_unique_rings,
          minmay_tree_intersection
D:9:      layout_cave_pods, bloody_makhleb, nicolae_overflow_crystal_walls,
          lair_entry_dummy, minmay_strange_pillars, item_on_display_b
D:10:     layout_loops_cross, jmf_multi_god_temple2, grunt_ministairs_4
D:11:     layout_rooms, uniq_josephine
D:12:     layout_basic, hiddenorc2_lemuel, reono_crystal_passage
D:13:     layout_stronghold, serial_demonic, serial_demonic_b, serial_demonic_b,
          serial_demonic_c, serial_demonic_a, ebering_ghost_inner_flame
D:14:     layout_roguey, david_vaults_4, led_sif_pool, serial_shops,
          nicolae_diamond_shop
D:15:     grunt_enter_depths_hoard, layout_long_grid, serial_shops,
          nicolae_shop_waterfront, fountainhead, water_maze_lemuel
Lair:1:   layout_gridlike, nicolae_quartered_pool_little, grunt_megastairs_1
Lair:2:   layout_hall_layers, elwin_shoals_entry_rocks,
          guppyfry_snake_entry_garden, dreamdust_deal_with_the_devil,
          grunt_megastairs_2
Lair:3:   layout_hall_layers, gammafunk_ghost_hydra_chop,
          grunt_forest_stairs_basic, serial_bayou_crossing
Lair:4:   layout_roguey, dpeg_slime_entry_corner, nicolae_volcano_entry_batcave
Lair:5:   grunt_lair_end_beastmaster, layout_hall_layers,
          minmay_lair_oklob_items
Snake:1:  nicolae_snakescales, layout_grid_shapes, serial_bayou_shore_b
Snake:2:  layout_gridlike, st_stairs_12, evilmike_ambush
          [evilmike_ambush_outer_pillars, evilmike_ambush_inner_cross],
          grunt_megastairs_4, uniq_vashnia
Snake:3:  layout_rooms, uniq_saint_roka
Snake:4:  grunt_snake_rune_pools, layout_cave_town,
          nicolae_snake_magic_snake_eye
Orc:1:    layout_caves, basic_altar
Orc:2:    pubby_orc_utopia, serial_shops
Elf:1:    layout_loops_ring, minmay_elf_annihilation, solitary_fountain,
          chequers_hall_statues_corner_a, minmay_shoptagon, uniq_azrael

Skill      XL: |  1  2  3  4  5  6  7  8  9 10 11 12 13 14 15 16 17 |
---------------+----------------------------------------------------+-----
Axes           | 2 |  2.8
Armour         | 2 3 4 5 6 7 8 9 10 | 10.6
Dodging        | 1 2 3 4 5 6 |  6.4
Invocations    | 3 4 5 6 7 9 10 12 13 14 15 18 19 | 19.0
Short Blades   | 1 2 4 5 7 8 9 10 11 12 13 | 13.1
Fighting       | 4 5 6 7 8 |  8.2
Throwing       | 1 3 4 5 6 7 8 |  8.4
Stealth        | 1 2 3 |  3.2
Shields        | 1 2 4 6 8 10 11 13 14 | 14.6
Ranged Weapons | 5 |  5.5
Evocations     | 1 |  1.0

Action                   |  1- 3 |  4- 6 |  7- 9 | 10-12 | 13-15 | 16-18 || total
-------------------------+-------+-------+-------+-------+-------+-------++-------
Melee: Hand axe          |    50 |       |       |       |       |       ||    50
       Short sword       |    29 |    28 |       |       |       |       ||    57
       Tailslap          |     5 |    15 |    69 |   147 |   336 |   376 ||   948
       Dagger            |       |    60 |   373 |   798 |  1487 |  1880 ||  4598
       Punch             |       |       |     7 |       |       |       ||     7
Throw: Stone             |     1 |    24 |    35 |    30 |       |       ||    90
       Dart              |       |       |    27 |    82 |   105 |     8 ||   222
       Throwing net      |       |       |     1 |     3 |       |       ||     4
       Boomerang         |       |       |       |       |       |   101 ||   101
Invok: Banish            |       |       |       |     2 |    23 |    33 ||    58
       Corrupt           |       |       |       |       |       |     1 ||     1
Evoke: Wand              |       |       |       |     2 |     2 |       ||     4
  Use: Scroll            |       |     6 |     2 |    16 |    18 |     6 ||    48
       Potion            |       |       |     1 |     3 |     8 |     5 ||    17
 Stab: Petrified         |       |       |       |       |    10 |       ||    10
Armor: Leather armour    |    16 |       |       |       |       |       ||    16
       Chain mail        |    11 |    30 |   166 |   401 |   632 |   363 ||  1603
Dodge: Dodged            |    37 |    43 |   186 |   390 |   387 |   305 ||  1348
Block: Other             |       |    14 |    63 |       |       |       ||    77
       Kite shield       |       |       |    28 |   647 |  1069 |  1660 ||  3404
       Reflection        |       |       |       |       |       |   141 ||   141
